 Dungeon Crawl Stone Soup version 0.30.0-10-gfe55d96785 (webtiles) character file.

Game seed: 16477229187217425324

6320 sasquatch the Thaumaturge (level 11, -5/84 HPs)
             Began as a Djinni Fire Elementalist on May 15, 2023.
             Was an Initiate of Ashenzari.
             Slain by a black mamba (13 damage)
             ... on level 1 of the Lair of Beasts.
             The game lasted 00:20:05 (9578 turns).

sasquatch the Thaumaturge (DjFE)                    Turns: 9578, Time: 00:20:06

Health: -5/84      AC:  9    Str:  7    XL:     11   Next: 16%
Gold:   533        EV: 12    Int: 22    God:    Ashenzari [......] SH:  5 Dex: 13

rFire   + + .        F - +3 trident (venom)
rCold   x . .        (no shield)
rNeg    . . .        w - +2 robe {Will+}
rPois   ∞            i - +1 helmet
rElec   .            E - +1 cloak {rCorr}
rCorr   +            y - +0 pair of gloves
SInv    +            (boots unavailable)
Will    ++...        s - amulet of reflection
Stlth   ++           q - ring of see invisible
HPRegen 0.34/turn    B - ring of wizardry
MPRegen 0.00/turn

%: reflection, wizardry (x1), infuse magic (-6 HP)
@: frozen, flying, very slow
A: sickness immunity, fire resistance 2, cold vulnerability 1, float, innate
caster, HP casting, extra vitality 1
a: Renounce Religion, Curse Item


You were on level 1 of the Lair of Beasts.
You worshipped Ashenzari.
Ashenzari was noncommittal.
You visited 3 branches of the dungeon, and saw 11 of its levels.
You also visited: Sewer.

You collected 610 gold pieces.
You spent 77 gold pieces at shops.

Inventory:

Hand Weapons
 g - a +1 dagger of venom
 F - a +3 trident of venom (weapon)
Missiles
 f - 10 javelins
 v - 3 throwing nets
Armour
 i - a +1 helmet (worn)
 w - a +2 robe of willpower (worn)
 y - a +0 pair of gloves (worn)
 E - a +1 cloak of preservation (worn)
Jewellery
 q - a ring of see invisible (left hand)
 s - an amulet of reflection (around neck)
 B - a ring of wizardry (right hand)
 C - a ring of wizardry
Wands
 r - a wand of acid (23)
 D - a wand of iceblast (3)
Scrolls
 c - a scroll of magic mapping
 d - 4 scrolls of poison
 k - a scroll of enchant weapon
 n - 4 scrolls of enchant armour
 o - 3 scrolls of teleportation
 u - a scroll of vulnerability
 x - 2 scrolls of fear
 G - a scroll of torment
Potions
 a - 4 potions of curing
 b - 2 potions of berserk rage
 e - 2 potions of brilliance
 h - 4 potions of attraction
 j - a potion of cancellation {unknown}
 l - a potion of mutation {unknown}
 m - a potion of heal wounds
 p - 6 potions of lignification
 t - 2 potions of degeneration
 z - 2 potions of haste {unknown}


   Skills:
 + Level 9.3 Fighting
 - Level 2.1 Dodging
 - Level 1.5 Stealth
 * Level 10.6 Spellcasting


You knew the following spells:

 Your Spells              Type           Power      Damage    Failure   Level
a - Foxfire               Conj/Fire      100%       2x1d9     1%          1
b - Scorch                Fire           100%       2d9       1%          2
c - Volatile Blastmotes   Fire/Tloc      100%       2d18      1%          3
d - Inner Flame           Hex/Fire       55%        N/A       1%          3
e - Flame Wave            Conj/Fire      55%        2d13      1%          4
f - Sandblast             Erth           100%       2d20      1%          1
g - Static Discharge      Conj/Air       100%       2-7/arc   1%          2
h - Spider Form           Tmut/Pois      55%        N/A       1%          3
i - Sticky Flame          Conj/Fire      55%        2d7       1%          4
j - Lee's Rapid Deconstr  Erth           27%        3d15*     1%          5
Your spell library was empty.

Dungeon Overview and Level Annotations

Branches:
Dungeon (9/15)             Temple (1/1) D:6            Lair (1/5) D:9
  Sewer (visited)
    Orc: D:9-12

Altars:
Ashenzari
Dithmenos
Elyvilon
Gozag
Hepliaklqana
Makhleb
Nemelex Xobeh
Okawaru
Qazlal
Ru
Trog
Uskayaw
Wu Jian
Xom
Yredelemnul
Zin
The Shining One

Shops:
D:3 [   D:8 :[


Innate Abilities, Weirdness & Mutations

You are immune to sickness and miasma.
You are immune to poison.
Your flesh is very heat resistant. (rF++)
You are vulnerable to cold. (rC-)
You float through the air rather than walking.
You learn spells naturally, not from books.
Your magical power is your life essence.
You have superior vitality. (+4 MHP)


Message History

The water moccasin burns!
You kill the water moccasin!
The blink frog burns!
A black mamba comes into view.
Casting: Foxfire (safe; 1% risk of failure)
Press: ? - help, Q - select action, (/) - cycle Dir - look around, f - activate You conjure some foxfire!
The black mamba hisses angrily.
The blink frog burns!
The blink frog blinks!
The rime drake breathes ice at you. The icy flash freeze hits you!!
You feel a painful chill!
* * * LOW HITPOINT WARNING * * *
You are encased in ice.
You feel much better.
The blink frog burns!
You kill the blink frog!
The foxfire hits the rime drake.
The rime drake is lightly wounded.
The foxfire hits the rime drake.
The rime drake is moderately wounded.
Casting: Foxfire (safe; 1% risk of failure)
Confirm with . or Enter, or press ? or * to list all spells.
Casting: Flame Wave (safe; 1% risk of failure)
Press: ? - help, Dir - look around, f - activate A wave of flame ripples out!
The flame wave engulfs the bush but does no damage. (Press . to intensify the flame waves.)
The ice encasing you melts away. The rime drake breathes ice at you.
The icy flash freeze hits you!!
You feel a painful chill!
* * * LOW HITPOINT WARNING * * *
You are encased in ice.
A wave of flame ripples out!
The flame wave engulfs the black mamba!
The black mamba is heavily wounded.
The flame wave engulfs the rime drake!
The rime drake is heavily wounded.
The flame wave engulfs the bush!
The bush is on fire!
The bush is lightly damaged.
* * * LOW HITPOINT WARNING * * *
The black mamba bites you!
You die...

. .. .. #.####.##
... ...........
...### ..........
..... ..........
##.#.#.##.#.....##
.......<..........
........SP##.....#
.........@........
##..##..k†.....##
#. ##..........#
.. ...............
. .##.#.##.##.###
...... .. ..
#.####. #.# ## ..
.. #..


You could see a black mamba and a rime drake (catching breath).

Vanquished Creatures
  A two-headed ogre (D:8)
  Maggie (D:9)
  4 blink frogs (Lair:1)
  A vampire (D:8)
  A wyvern (D:5)
  3 yaks (D:9)
  3 steam dragons
  Edmund (D:6)
  An acid dragon (D:9)
  3 water moccasins
  Duvessa (D:5)
  4 orc warriors
  2 centaurs
  A phantom (D:7)
  A kobold brigand (D:7)
  2 gnoll sergeants
  A bullfrog (D:7)
  4 scorpions
  11 wights
  Dowan (D:5)
  3 jellies
  2 howler monkeys (D:9)
  2 orc priests
  5 hounds
  2 iguanas
  A sleepcap (D:6)
  10 orc wizards
  12 gnolls
  17 adders
  6 river rats (Sewer)
  4 ufetubi
  3 worms
  2 dart slugs
  35 orcs
  8 ball pythons
  12 bats
  4 endoplasms
  4 giant cockroaches
  7 goblins
  10 hobgoblins
  4 jackals (Sewer)
  5 quokkas
  3 frilled lizards
  13 kobolds
  6 rats
227 creatures vanquished.

Vanquished Creatures (collateral kills)
  6 foxfires (D:4)
6 creatures vanquished.

Vanquished Creatures (others)
  719 foxfires
719 creatures vanquished.

Grand Total: 952 creatures vanquished

Notes
Turn   | Place    | Note
-------+----------+-------------------------------------------
     0 | D:1      | sasquatch the Djinni Fire Elementalist began the quest for
                  | the Orb.
     0 | D:1      | sasquatch set off with the following spells memorised:
                  | Foxfire, Scorch, Volatile Blastmotes, Inner Flame, Flame
                  | Wave.
     0 | D:1      | Reached XP level 1. HP: 15/15 MP: 0/0
   293 | D:1      | Reached XP level 2. HP: 21/22 MP: 0/0
   506 | D:1      | Reached skill level 1 in Fighting
   652 | D:1      | Reached XP level 3. HP: 24/27 MP: 0/0
   652 | D:1      | Learned a level 1 spell: Sandblast
   685 | D:1      | Reached skill level 3 in Spellcasting
  1167 | D:2      | Found a faded altar of an unknown god.
  1505 | D:3      | Found Qouqop's Antique Armour Shop.
  1655 | D:3      | Reached XP level 4. HP: 31/32 MP: 0/0
  1920 | D:3      | Identified the +2 pair of boots of the Devil's Advocate
                  | {+Blink Stlth+}
  2092 | D:3      | Bought a runed robe for 77 gold pieces
  2343 | D:4      | Noticed a scorpion
  2355 | D:4      | Killed a scorpion
  2356 | D:4      | Reached XP level 5. HP: 28/39 MP: 0/0
  2356 | D:4      | Learned a level 2 spell: Static Discharge
  2407 | D:4      | Reached skill level 4 in Spellcasting
  2477 | D:4      | Reached XP level 6. HP: 42/45 MP: 0/0
  3369 | D:5      | Entered Level 5 of the Dungeon
  3383 | D:5      | Found a glowing drain.
  3385 | D:5      | Noticed Duvessa
  3417 | D:5      | Killed Duvessa
  3417 | D:5      | Noticed Dowan
  3418 | D:5      | Reached XP level 7. HP: 35/50 MP: 0/0
  3418 | D:5      | Learned a level 3 spell: Spider Form
  3421 | D:5      | Reached skill level 5 in Spellcasting
  3435 | D:5      | Killed Dowan
  3501 | D:5      | Noticed a wyvern
  3547 | Sewer    | Entered a sewer
  4169 | D:5      | Killed a wyvern
  4170 | D:5      | Reached XP level 8. HP: 24/58 MP: 0/0
  4373 | D:5      | Reached skill level 6 in Spellcasting
  4461 | D:5      | Found an ornate altar of the Wu Jian Council.
  4733 | D:5      | Reached skill level 5 in Fighting
  5185 | D:6      | Found a staircase to the Ecumenical Temple.
  5209 | Temple   | Entered the Ecumenical Temple
  5209 | Temple   | Found a transporter.
  5209 | Temple   | Found a transporter.
  5211 | Temple   | Found a transporter.
  5211 | Temple   | Found a transporter.
  5798 | D:6      | Noticed Edmund
  5900 | D:6      | Reached skill level 7 in Spellcasting
  5900 | D:6      | Reached XP level 9. HP: 59/66 MP: 0/0
  5900 | D:6      | Learned a level 4 spell: Sticky Flame
  6154 | D:6      | Killed Edmund
  6873 | D:7      | Reached skill level 8 in Spellcasting
  7460 | D:8      | Found Danuini's Book Shoppe.
  7465 | D:8      | Identified the +0 ring mail "Cevo" {Drain rPois Int+5
                  | Dex+2}
  7484 | D:8      | Reached XP level 10. HP: 48/75 MP: 0/0
  7808 | D:8      | Found Obrotz's Armour Shoppe.
  7940 | D:8      | Found a broken altar of Ashenzari.
  7940 | D:8      | Found a glowing silver altar of Zin.
  7960 | D:8      | Found a sacrificial altar of Ru.
  8014 | D:8      | Became a worshipper of Ashenzari the Shackled
  8066 | D:8      | Reached skill level 9 in Spellcasting
  8156 | D:8      | Noticed a two-headed ogre
  8166 | D:8      | Killed a two-headed ogre
  8448 | D:9      | Noticed Maggie
  8515 | D:9      | Killed Maggie
  8830 | D:9      | Reached skill level 10 in Spellcasting
  9512 | D:9      | Found a staircase to the Lair.
  9557 | Lair:1   | Entered Level 1 of the Lair of Beasts
  9566 | Lair:1   | Reached XP level 11. HP: 75/84 MP: 0/0
  9566 | Lair:1   | Learned a level 5 spell: Lee's Rapid Deconstruction
  9578 | Lair:1   | Slain by a black mamba

Illustrated notes

Levels and vault maps discovered:
D:1:      co_arrival_square_in_a_square_in_a_square, layout_loops_corners
D:2:      layout_rooms, ebering_ecumenical_altar_rust
D:3:      layout_basic, serial_shops, shop
D:4:      layout_rooms, serial_forest, infiniplex_forest_clump_diagonal,
          infiniplex_forest_lined_room_, infiniplex_forest_fountain,
          infiniplex_forest_join, infiniplex_forest_straight_2,
          infiniplex_forest_clump_curved
D:5:      layout_basic, nicolae_wu_jian_wuxing_cycle, gup_sewer_entry_glass,
          lightli_ossuary_entry_decrepit_ruins, uniq_duvessa
D:6:      layout_layer_cave, minmay_temple_entry_arrows, uniq_edmund
D:7:      layout_basic
D:8:      layout_cave_pools, minitemple, serial_shops, shop,
          nicolae_shop_window_shopping
D:9:      layout_cave_pods, lair_entry_dummy, kennysheep_donut, uniq_maggie
Temple:   hellmonk_temple_divided_pantheon
Lair:1:   layout_long_grid, nicolae_volcano_entry_lava_flow,
          nicolae_quartered_pool_super, uniq_gastronok

Skill      XL: |  1  2  3  4  5  6  7  8  9 10 |
---------------+-------------------------------+-----
Fighting       | 1 2 3 4 5 7 9 |  9.3
Spellcasting   | 3 4 5 7 8 10 | 10.6
Dodging        | |  2.1
Stealth        | |  1.5

Action                     |  1- 3 |  4- 6 |  7- 9 | 10-12 || total
---------------------------+-------+-------+-------+-------++-------
  Melee: Dagger            |       |     2 |     4 |       ||     6
         Punch             |       |     1 |       |       ||     1
   Cast: Foxfire           |    58 |    83 |   183 |   108 ||   432
         Scorch            |    12 |    12 |    38 |    17 ||    79
         Flame Wave        |       |       |    11 |     7 ||    18
         Sticky Flame      |       |       |     7 |    11 ||    18
         Volatile Blastmot |       |       |     1 |       ||     1
         Lee's Rapid Decon |       |       |       |     1 ||     1
    Use: Scroll            |       |     9 |     3 |     6 ||    18
         Potion            |       |     1 |       |     1 ||     2
 Armour: Robe              |       |    11 |    16 |     4 ||    31
  Dodge: Dodged            |     3 |    16 |    33 |    10 ||    62
  Block: Other             |       |    11 |    13 |     4 ||    28
         Reflection        |       |       |       |     2 ||     2
